 Dungeon Crawl Stone Soup version 0.30-a0-626-gd6a5dd7a1f (webtiles) character file.

Game seed: 8731726858202367243

402 testman the Cudgeller (level 6, 0/62 HPs)
             Began as a Troll Gladiator on Jan 11, 2023.
             Was an Initiate of Okawaru.
             Slain by an ufetubus (3 damage)
             ... on level 5 of the Dungeon.
             The game lasted 00:10:29 (3905 turns).

testman the Cudgeller (Troll Gladiator)             Turns: 3905, Time: 00:10:29

Health: 0/62       AC:  4    Str: 25    XL:     6   Next: 55%
Magic:  0/5        EV: 10    Int: 10    God:    Okawaru [......]
Gold:   160        SH:  0    Dex: 11    Spells: 5/5 levels left

rFire   . . .      SeeInvis .    t - +0 giant club
rCold   . . .      Faith    .    (shield currently unavailable)
rNeg    . . .      Spirit   +    b - +0 robe
rPois   .          Reflect  .    c - +0 hat
rElec   .          Harm     .    (no cloak)
rCorr   .          Rampage  .    (gloves unavailable)
Will    .....                    (boots unavailable)
Stlth   +                        r - amulet of guardian spirit
HPRegen 1.10/turn                m - +6 ring of intelligence
MPRegen 0.09/turn                (no ring)

@: mighty
A: large, unfitting armour, claws 3, regeneration 1, shaggy fur 1, tough skin 1
a: Renounce Religion


You were on level 5 of the Dungeon.
You worshipped Okawaru.
Okawaru was noncommittal.
You visited 2 branches of the dungeon, and saw 6 of its levels.

You collected 160 gold pieces.

Inventory:

Hand Weapons
 a - a +0 flail
 t - a +0 giant club (weapon)
Missiles
 d - 3 throwing nets (quivered)
 e - a large rock
Armour
 b - a +0 robe (worn)
 c - a +0 hat (worn)
Jewellery
 m - a +6 ring of intelligence (left claw)
 r - an amulet of guardian spirit (around neck)
 w - an amulet of magic regeneration
Scrolls
 f - 2 scrolls of amnesia {unknown}
 g - 5 scrolls of identify {unknown}
 i - 2 scrolls of fear {unknown}
 n - 2 scrolls of enchant weapon {unknown}
 o - a scroll of fog {unknown}
 p - a scroll of noise {unknown}
 q - a scroll of poison {unknown}
 u - a scroll of magic mapping {unknown}
 v - a scroll of teleportation {unknown}
Potions
 h - 2 potions of might
 j - 2 potions of heal wounds {unknown}
 k - 2 potions of curing {unknown}
 l - a potion of magic {unknown}
 s - a potion of lignification {unknown}
 x - a potion of invisibility {unknown}


   Skills:
 + Level 4.2 Fighting
 + Level 5.1 Maces & Flails
 - Level 2.0 Throwing
 - Level 2.4 Dodging


You had 5 spell levels left.
You didn't know any spells.
Your spell library contained the following spells:

 Spells                   Type           Power      Damage    Failure   Level
 Hailstorm                Conj/Ice       0%         3d3       75%         3
 Ice Form                 Ice/Tmut       0%         N/A       98%         4
 Simulacrum               Ice/Necr       Unusable   N/A       N/A         6

Dungeon Overview and Level Annotations

Branches:
Dungeon (5/15)             Temple (1/1) D:5

Altars:
Ashenzari
Dithmenos
Fedhas
Gozag
Hepliaklqana
Kikubaaqudgha
Makhleb
Nemelex Xobeh
Okawaru
Qazlal
Ru
Sif Muna
Trog
Uskayaw
Vehumet
Wu Jian
Xom
Zin
The Shining One

Annotations:
D:2 Sigmund
D:5 3 runed translucent doors, NinjaNoafa's ghost, novice GnCj


Innate Abilities, Weirdness & Mutations

You are too large for most types of armour.
You have claws for hands.
Your natural rate of healing is unusually fast.
You are covered in fur. (AC +1)
You have tough skin. (AC +1)


Message History

You barely miss the orc priest. The ufetubus closely misses you. x2
The orc priest barely misses you. x2; The ufetubus hits you.
The ufetubus hits you but does no damage.
The ufetubus attacks as you move away! The ufetubus completely misses you.
The ufetubus closely misses you.
The orc priest attacks as you move away!
The orc priest hits you with a +0 hand axe.
You barely miss the ufetubus. The ufetubus barely misses you.
The ufetubus closely misses you. The ufetubus barely misses you.
The ufetubus hits you but does no damage.
The orc priest barely misses you.
You closely miss the orc priest. The ufetubus hits you.
The ufetubus barely misses you. The orc priest barely misses you.
The ufetubus closely misses you. x2
The orc priest looks satisfied for a moment.
The orc priest calls down the wrath of Beogh upon you.
Beogh smites you!
* * * LOW HITPOINT WARNING * * *
The ufetubus hits you.
* * * LOW HITPOINT WARNING * * *
The ufetubus hits you but does no damage.
It was a potion of might.
You feel very mighty all of a sudden. The ufetubus barely misses you. x2
The orc priest hits you with a +0 hand axe.
* * * LOW HITPOINT WARNING * * *
You bludgeon the orc priest!!
You kill the orc priest!
Okawaru accepts your kill.
The ufetubus closely misses you. x2; The ufetubus hits you.
* * * LOW HITPOINT WARNING * * *
The ufetubus barely misses you.
The orc priest calls down the wrath of Beogh upon you.
Pain shoots through your body!
* * * LOW HITPOINT WARNING * * *
You miss the ufetubus. The ufetubus barely misses you. The ufetubus hits you.
* * * LOW HITPOINT WARNING * * *
The ufetubus hits you but does no damage.
The ufetubus hits you.
You die...

#..##...##
#..##..##
#......#
###...##
#...# #..##
##..# #..##
..##.###5@#
#.......o##
##....)..#
#......##
#........
.......[.
...#.^....
#####...##
....#


You could see an orc priest and an ufetubus.

Vanquished Creatures
  An ogre (D:4)
  A centaur (D:5)
  2 orc priests (D:5)
  6 adders
  A shadow imp (D:5)
  2 dart slugs (D:1)
  9 orcs
  10 ball pythons
  4 bats
  10 endoplasms
  11 goblins
  5 hobgoblins
  7 jackals
  5 quokkas (D:1)
  4 frilled lizards
  6 kobolds
  13 rats
97 creatures vanquished.

Notes
Turn   | Place    | Note
-------+----------+-------------------------------------------
     0 | D:1      | testman the Troll Gladiator began the quest for the Orb.
     0 | D:1      | Reached XP level 1. HP: 19/19 MP: 0/0
   219 | D:1      | Reached skill level 3 in Maces & Flails
   234 | D:1      | Reached XP level 2. HP: 28/28 MP: 1/1
   539 | D:1      | Reached XP level 3. HP: 35/35 MP: 2/2
   979 | D:2      | You fall into a shaft and drop 2 floors!
  1090 | D:2      | Noticed Sigmund
  1714 | D:2      | Reached XP level 4. HP: 44/44 MP: 3/3
  2673 | D:3      | Reached skill level 4 in Maces & Flails
  2794 | D:3      | Found a shimmering blue altar of Sif Muna.
  3178 | D:4      | Reached XP level 5. HP: 44/53 MP: 2/4
  3326 | D:4      | Noticed an ogre
  3333 | D:4      | Killed an ogre
  3461 | D:5      | Entered Level 5 of the Dungeon
  3461 | D:5      | Noticed a centaur
  3461 | D:5      | Found a runed translucent gate.
  3461 | D:5      | Found a runed translucent gate.
  3477 | D:5      | Found a runed translucent gate.
  3480 | D:5      | Noticed NinjaNoafa's ghost (novice GnCj)
  3523 | D:5      | Killed a centaur
  3524 | D:5      | Reached XP level 6. HP: 49/62 MP: 3/5
  3621 | D:5      | Found a staircase to the Ecumenical Temple.
  3630 | Temple   | Entered the Ecumenical Temple
  3797 | Temple   | Became a worshipper of Warmaster Okawaru
  3894 | D:5      | Reached skill level 5 in Maces & Flails
  3904 | D:5      | HP: 3/62 [orc priest/nerve-wracking pain (11)]
  3905 | D:5      | Slain by an ufetubus

Illustrated notes

Levels and vault maps discovered:
D:1:      minmay_arrival_open_corners, layout_basic
D:2:      layout_basic, roderic_serpentine_path,
          amcnicky_mini_rare_corridor_liquid, uniq_sigmund
D:3:      layout_loops_ring, lemuel_coloured_pillars_altar,
          roderic_cross_of_infinity, grunt_ministairs_10, nicolae_hexahallways,
          kennysheep_doodads, minmay_bisected
D:4:      layout_rooms
D:5:      layout_cave_pools, kennysheep_mini, minmay_temple_entry_stoned_glass,
          gammafunk_ghost_necromancy, minmay_crystal_water,
          kennysheep_generic_room_8
Temple:   mainiacjoe_temple_bowtie_tessellation

Skill      XL: |  1  2  3  4  5  6 |
---------------+-------------------+-----
Maces & Flails | 3 4 5 |  5.1
Fighting       | 2 3 4 |  4.2
Throwing       | 2 |  2.0
Dodging        | |  2.4

Action                   |  1- 3 |  4- 6 || total
-------------------------+-------+-------++-------
Melee: Flail             |   135 |   161 ||   296
       Giant club        |       |    20 ||    20
Throw: Large rock        |       |     2 ||     2
  Use: Potion            |       |     1 ||     1
 Stab: Sleeping          |     3 |     1 ||     4
Armor: Robe              |    57 |    98 ||   155
Dodge: Dodged            |    80 |   188 ||   268

Table legend: (Time is in decaauts)
 A = Elapsed time spent in this place.
 B = Non-inter-level travel time spent in this place.
 C = Inter-level travel time spent in this place.
 D = Time resting spent in this place.
 E = Time spent auto-exploring this place.
 F = Levels seen in this place.
 G = Mean time per level.
                   A        B        C        D        E       F      G
               +--------+--------+--------+--------+--------+-----+--------+
         Total |   3979 |   3675 |    304 |      4 |   2818 |   6 |  663.2 |
       Dungeon |   3749 |   3513 |    236 |      4 |   2670 |   5 |  749.8 |
        Temple |    229 |    161 |     68 |      0 |    148 |   1 |  229.0 |
               +--------+--------+--------+--------+--------+-----+--------+

Top non-repeatable levels by time:
     D:2: 1116 daAuts
     D:1: 1020 daAuts
     D:3: 969 daAuts
     D:4: 436 daAuts
  Temple: 229 daAuts
     D:5: 208 daAuts
